 Dungeon Crawl Stone Soup version 0.27.1-33-g824d729ab1 (webtiles) character file.

Game seed: 15161126373171586457

522 13raion the Chopper (level 7, 0/64 HPs)
             Began as a Minotaur Berserker on Dec 2, 2021.
             Was a Believer of Trog.
             Slain by an orc warrior (12 damage)
             ... on level 4 of the Dungeon.
             The game lasted 00:09:55 (3906 turns).

13raion the Chopper (Minotaur Berserker)            Turns: 3906, Time: 00:09:55

Health: 0/64       AC:  5    Str: 24    XL:     7   Next: 2%
Magic:  6/6        EV: 15    Int:  4    God:    Trog [**....]
Gold:   154        SH:  0    Dex:  9    Spells: 6/6 levels left

rFire    . . .     SeeInvis +   a - +1 hand axe
rCold    . . .     Faith    .   (no shield)
rNeg     . . .     Spirit   .   m - +0 ring mail
rPois    .         Reflect  .   (helmet restricted)
rElec    .         Harm     .   (no cloak)
rCorr    .         Rampage  .   (no gloves)
Will     .....                  (no boots)
Stlth    ..........             (no amulet)
HPRegen  0.20/turn              g - ring of see invisible
MPRegen  0.10/turn              o - +4 ring of evasion

@: no status effects
A: horns 2, retaliatory headbutt
a: Renounce Religion, Berserk, Trog's Hand


You were on level 4 of the Dungeon.
You worshipped Trog.
Trog was pleased with you.
You visited 1 branch of the dungeon, and saw 4 of its levels.

You collected 154 gold pieces.

Inventory:

Hand Weapons
 a - a +1 hand axe (weapon)
 l - the +10 dagger "Beetlebane" {antimagic, *Noise rElec Will+}
   (You found it on level 4 of the Dungeon)

   It reduces the magical energy of the wielder, and disrupts the spells and
   magical abilities of those it strikes.
   Natural abilities and divine invocations are not affected.
   rElec:     It insulates you from electricity.
   *Noise:    It may make noises in combat.
   Will:      It increases your willpower.
Armour
 b - a +0 animal skin
 m - a +0 ring mail (worn)
Jewellery
 g - a ring of see invisible (left hand)
 o - a +4 ring of evasion (right hand)
Scrolls
 c - 2 scrolls of fog
 e - 3 scrolls of identify
 i - a scroll of immolation {unknown}
Potions
 d - a potion of heal wounds
 f - a potion of invisibility
 h - a potion of might
 j - a potion of degeneration {unknown}
 k - a potion of curing


   Skills:
 + Level 6.8 Fighting
 + Level 7.7 Axes
 - Level 2.4 Armour
 - Level 2.1 Dodging


You had 6 spell levels left.
You didn't know any spells.
Your spell library was empty.

Dungeon Overview and Level Annotations

Branches:
Dungeon (4/15)             Temple (0/1) D:4

Altars:
Fedhas
Gozag


Innate Abilities, Weirdness & Mutations

You have a pair of horns on your head.
You reflexively headbutt those who attack you in melee.


Message History

The ball python is severely wounded.
You feel sick. The ball python closely misses you. The ball python misses you.
You closely miss the ball python.
The ball python is severely wounded.
You feel sick. The ball python misses you. You furiously retaliate!
You headbutt the ball python.
You kill the ball python!
Trog accepts your kill.
You feel sick. The orc misses you. The orc warrior misses you.
You furiously retaliate!
You headbutt the orc warrior!
There is an open door, spattered with blood here.
You see here a scorpion corpse.
You slash the orc warrior!
The orc warrior is severely wounded.
You barely miss the orc.
You feel sick.
You are no longer poisoned.
The orc completely misses you.
The orc warrior hits you with a +0 hand axe.
You hit the orc warrior but do no damage.
Your headbutt misses the orc warrior.
The orc warrior is severely wounded.
You hit the orc.
The orc hits you with a +2 mace of protection.
The orc warrior hits you with a +0 hand axe.
You barely miss the orc warrior. Your headbutt misses the orc warrior.
The orc warrior is severely wounded.
You barely miss the orc. The orc closely misses you. You furiously retaliate!
You headbutt the orc.
The orc warrior hits you with a +0 hand axe!!
* * * LOW HITPOINT WARNING * * *
You slash the orc!
You kill the orc!
Trog accepts your kill.
You hit the orc warrior.
You headbutt the orc warrior, but do no damage.
The orc warrior is almost dead.
You barely miss the orc warrior. Your headbutt misses the orc warrior.
The orc warrior is almost dead.
The orc warrior hits you with a +0 hand axe!
You die...

##..# #....†'......#........
#..###....)#..##.)#........
#....#.)#..#..##..#........
#.##.#.....#.....)#........
####....#.....#......#....#...
#.......##'###########......##
#..###.#.##)...#... ..#.....##
............#...o#.#.#..#.....#
########.#..#...@Bo..#+##.....#
#.##.#....#####[##...###
#.##)######.##########
#.##.#.....###..########
#....#....###..........###
####.(....................
#............[......###
###.################# #.'.....#


You could see an orc warrior, an orc and a giant cockroach.

Vanquished Creatures
  An ogre (D:4)
  A phantom (D:4)
  2 scorpions (D:4)
  A hound (D:4)
  An iguana (D:4)
  3 gnolls (D:3)
  8 adders
  An adder skeleton (D:4)
  A worm (D:3)
  4 dart slugs
  6 orcs
  6 bats
  4 endoplasms
  2 giant cockroaches (D:1)
  5 goblins
  8 hobgoblins
  4 kobolds
  3 quokkas
  9 ball pythons
  2 frilled lizards (D:3)
  2 rats (D:3)
74 creatures vanquished.

Vanquished Creatures (others)
  2 fungi (D:2)
  2 plants (D:2)
4 creatures vanquished.

Grand Total: 78 creatures vanquished

Notes
Turn   | Place    | Note
-------+----------+-------------------------------------------
     0 | D:1      | 13raion the Minotaur Berserker began the quest for the Orb.
     0 | D:1      | Reached XP level 1. HP: 19/19 MP: 0/0
   394 | D:1      | Reached skill level 4 in Axes
   463 | D:1      | Reached XP level 2. HP: 25/27 MP: 1/1
  1195 | D:2      | Reached XP level 3. HP: 28/34 MP: 2/2
  1396 | D:2      | Found a faded altar of an unknown god.
  1406 | D:2      | You fall into a shaft and drop 1 floor!
  1821 | D:3      | Reached skill level 5 in Axes
  1823 | D:3      | Reached XP level 4. HP: 41/41 MP: 3/3
  1826 | D:3      | Reached skill level 5 in Fighting
  2033 | D:3      | Reached ** piety under Trog
  3290 | D:4      | Noticed a phantom
  3292 | D:4      | Found a staircase to the Ecumenical Temple.
  3303 | D:4      | Killed a phantom
  3304 | D:4      | Reached skill level 6 in Axes
  3304 | D:4      | Reached XP level 5. HP: 37/49 MP: 4/4
  3495 | D:4      | Found an opulent altar of Gozag.
  3526 | D:4      | Found a blossoming altar of Fedhas.
  3608 | D:4      | Noticed an ogre
  3612 | D:4      | Killed an ogre
  3613 | D:4      | Reached XP level 6. HP: 57/57 MP: 5/5
  3747 | D:4      | Identified the +10 dagger "Beetlebane" {antimagic, *Noise
                  | rElec Will+}
  3767 | D:4      | Reached skill level 7 in Axes
  3828 | D:4      | Noticed an orc warrior
  3894 | D:4      | Reached XP level 7. HP: 41/64 MP: 6/6
  3906 | D:4      | Slain by an orc warrior

Illustrated notes

Levels and vault maps discovered:
D:1:      dpeg_arrival_brainrot, layout_loops_ring
D:2:      layout_loops_ring, shapermc_ecumenical_altar_mp_ritualfount
D:3:      layout_basic, wad_orctagon
D:4:      minmay_clustersquares, layout_rooms, mainiacjoe_overflow_two_lobes,
          minmay_temple_entry_slanted, minmay_crystal_water,
          roderic_serpentine_path, kennysheep_generic_room_12

Skill      XL: |  1  2  3  4  5  6 |
---------------+-------------------+-----
Axes           | 4 5 6 7 |  7.7
Fighting       | 4 5 6 |  6.8
Armour         | |  2.4
Dodging        | |  2.1

Action                   |  1- 3 |  4- 6 |  7- 9 || total
-------------------------+-------+-------+-------++-------
Melee: Hand axe          |    72 |    95 |    10 ||   177
       Headbutt          |     8 |     8 |     1 ||    17
Invok: Berserk           |     1 |     1 |       ||     2
  Use: Scroll            |       |     9 |       ||     9
Armor: Animal skin       |    13 |       |       ||    13
       Ring mail         |       |    20 |     1 ||    21
Dodge: Dodged            |    42 |    65 |    12 ||   119
